 Dungeon Crawl Stone Soup version 0.31-a0-662-g684573625c (webtiles) character file.

Game seed: 4847185293042567584

8043 demibob the Martial Artist (level 11, 0/100 HPs)
             Began as a Demonspawn Monk on Sept 2, 2023.
             Was a High Priest of Hepliaklqana.
             Succumbed to a water moccasin's poison
             ... on level 10 of the Dungeon.
             The game lasted 00:13:10 (8827 turns).

demibob the Martial Artist (Demonspawn Monk)        Turns: 8827, Time: 00:13:10

Health: 0/100      AC: 11    Str: 16    XL:     11   Next: 4%
Magic:  11/11      EV: 11    Int: 11    God:    Hepliaklqana [*****.]
Gold:   465        SH:  0    Dex: 16    Spells: 10/10 levels left

rFire   . .          .
                       - Unarmed
rCold   . . .        c - orb {light}
rNeg    . . .        t - +0 ring mail
rPois   .            (no helmet)
rElec   .            (no cloak)
rCorr   .            (no gloves)
SInv    .            k - +0 pair of boots
Will    .....        (no amulet) Stlth
                     (no ring)
HPRegen 0.36/turn    (no ring)
MPRegen 0.12/turn

%: no passive effects
@: berserking (expiring), lethally poisoned (0 -> -11), glowing, very quick
A: reduced essence, hooves 2, thin metallic scales 2, demonic guardian 2
a: Renounce Religion, Recall Ancestor, Ancestor Identity, Transference, Idealise


You were on level 10 of the Dungeon.
You worshipped Hepliaklqana.
Hepliaklqana was extremely pleased with you.
You visited 1 branch of the dungeon, and saw 10 of its levels.
You also visited: Sewer and Ossuary.

You collected 543 gold pieces.
You spent 78 gold pieces at shops.


Innate Abilities, Weirdness & Mutations

Your life essence is reduced to manifest your ancestor. (-10% HP)
You have hoof-like feet.
You are mostly covered in thin metallic scales. (AC +3)
A demonic guardian rushes to your aid.


   Skills:
 - Level 3.0 Fighting
 + Level 8.2 Armour
 - Level 2.6 Dodging
 + Level 13.5 Unarmed Combat


You had 10 spell levels left.
You didn't know any spells.
Your spell library contained the following spells:

 Spells                   Type           Power      Damage    Failure   Level
 Apportation              Tloc           0%         N/A       52%         1
 Freeze                   Ice            0%         1d3       52%         1
 Necrotise                Necr           0%         1d4       52%         1
 Summon Small Mammal      Summ           0%         N/A       52%         1
 Dazzling Flash           Conj/Hex       0%         N/A       87%         3
 Frozen Ramparts          Ice            0%         1d1       87%         3
 Hailstorm                Conj/Ice       0%         3d3       87%         3
 Volatile Blastmotes      Fire/Tloc      0%         2d10      87%         3
 Petrify                  Tmut/Erth      0%         N/A       99%         4
 Metabolic Englaciation   Hex/Ice        0%         N/A       100%        5
 Starburst                Conj/Fire      0%         6d3       100%        6
 Maxwell's Capacitive Co  Air            0%         ∞         100%        8

Inventory:

Missiles
 i - 2 throwing nets {=f}
Armour
 c - an orb of light (worn)
 k - a +0 pair of boots (worn)
 t - a +0 ring mail (worn)
Magical Staves
 f - a staff of air {!a}
Jewellery
 F - a ring of fire
Wands
 a - a wand of charming (2)
 n - a wand of flame (1)
Scrolls
 b - 3 scrolls of teleportation {@r2}
 o - a scroll of amnesia
 p - a scroll of identify {@r1}
 q - 2 scrolls of enchant weapon
 s - a scroll of blinking
 v - a scroll of fog
Potions
 d - 2 potions of attraction
 e - a potion of ambrosia
 g - a potion of invisibility
 h - 5 potions of enlightenment
 j - 5 potions of curing {@q1}
 m - 2 potions of mutation
 r - 2 potions of haste {@q3}
 u - a potion of heal wounds {@q2}

Dungeon Overview and Level Annotations

Branches:
Dungeon (10/15)            Temple (0/1) D:5           Sewer (visited)
Ossuary (visited)
   Lair: D:8-11         Orc: D:9-12

Altars:
Ashenzari
Gozag
Hepliaklqana
Kikubaaqudgha
Makhleb
Nemelex Xobeh
Qazlal
Ru
Uskayaw
Vehumet
Wu Jian
Xom

Shops:
D:2 ?   D:3 !

Annotations:
D:2 1 runed translucent door, Crazy Yiuf
D:6 2 runed translucent doors, Dittersdorf's ghost, novice GrFi
D:8 2 transporters

.PPP... .Y.P... P.P.P.
#.## ....... ..#
PPP♣...###.#
.s.......#)###### #####
.l.)..g.........## ....#
#SY..).....###...#
#########@l4.............#
....)....................#
#########..4......#.##...#
###.#######......# #..#
###....# #.## #..### #.
#..# .. #..# ... #..#


You could see 2 yaks, a water moccasin, a wyvern (distracted, ally target), a
gnoll sergeant and 2 friendly hellwings.


Message History

The wyvern bites you but does no damage.
The water moccasin barely misses you.
Unknown command.
You closely miss the water moccasin.
You feel sick. The wyvern closely misses you.
Your hellwing hits the wyvern but does no damage.
Your hellwing barely misses the wyvern.
The water moccasin bites you but does no damage.
Unknown command.
You punch the water moccasin!
The water moccasin is heavily wounded.
You feel sick.
Unknown command.
You barely miss the water moccasin.
The water moccasin is heavily wounded.
You feel sick. The wyvern bites you!
* * * LOW HITPOINT WARNING * * *
A demonic guardian appears!
The water moccasin bites you.
* * * LOW HITPOINT WARNING * * *
Your hellwing hits the wyvern. x2
You closely miss the water moccasin.
The water moccasin is heavily wounded.
* * * LOW HITPOINT WARNING * * *
You feel sick.
The wyvern bites your hellwing but does no damage.
The gnoll sergeant hits you but does no damage.
The yak barely misses you.
You punch the water moccasin!
The water moccasin is almost dead.
You die...

Skill      XL: |  1  2  3  4  5  6  7  8  9 10 |
---------------+-------------------------------+-----
Unarmed Combat | 3 4 5 6 7 9 11 12 13 | 13.5
Armour         | 1 5 8 |  8.2
Fighting       | |  3.0
Dodging        | |  2.6

Action                     |  1- 3 |  4- 6 |  7- 9 | 10-12 || total
---------------------------+-------+-------+-------+-------++-------
  Melee: Unarmed           |   114 |    97 |   232 |   186 ||   629
         Kick              |       |       |     6 |       ||     6
 Invoke: Ancestor Life: Ba |     1 |       |       |       ||     1
    Use: Scroll            |     6 |     4 |     3 |     7 ||    20
         Potion            |     1 |     1 |     4 |     2 ||     8
   Stab: Distracted        |     1 |     2 |       |     2 ||     5
 Armour: Robe              |    47 |    53 |   119 |   107 ||   326
         Ring mail         |       |       |       |    79 ||    79
  Dodge: Dodged            |    53 |    59 |   146 |   154 ||   412

Levels and vault maps discovered:
D:1:      elethiomel_arrival_quiet, layout_basic,
          ebering_ecumenical_altar_abandoned
D:2:      minmay_general_purpose_star, layout_loops_ring, serial_shops,
          nicolae_shop_real_fake_doors, uniq_crazy_yiuf_cottage
D:3:      layout_loops_cross, serial_shops, nicolae_shop_waterfront,
          cheibrodos_sewer_entry_sluice, kennysheep_path_1,
          kennysheep_generic_room_9
D:4:      layout_gridville, minmay_bent
D:5:      layout_rooms, grunt_temple_overflow_lords_of_destruction,
          eat_drink_and_be_merry_uskayaw, mainiacjoe_overflow_catch_the_wave,
          minmay_temple_entry_statues_pillars
D:6:      layout_basic, lemuel_mausoleum_altar_kikubaaqudgha,
          mainiacjoe_overflow_divided_tiny, nicolae_gozag_seed_capital,
          ebering_ghost_sewer_f, minmay_curled_crystal
D:7:      layout_loops_cross, chequers_mini_garden, minmay_misc_feat_doors,
          uniq_menkaure
D:8:      minmay_goldmine, layout_rooms, gammafunk_temple_overflow_arena,
          nicolae_ossuary_entry_monument
D:9:      layout_rooms, gammafunk_temple_overflow_elements
D:10:     layout_rooms, minmay_lair_entry_grove

Notes
Turn   | Place    | Note
-------+----------+-------------------------------------------
     0 | D:1      | demibob the Demonspawn Monk began the quest for the Orb.
     0 | D:1      | Reached XP level 1. HP: 18/18 MP: 1/1
    62 | D:1      | Reached skill level 3 in Unarmed Combat
   103 | D:1      | Gained mutation: A weak demonic guardian rushes to your
                  | aid. [demonic ancestry]
   103 | D:1      | Reached XP level 2. HP: 17/24 MP: 2/2
   204 | D:1      | Found a faded altar of an unknown god.
   610 | D:1      | Gained mutation: You are partially covered in thin metallic
                  | scales. (AC +2) [demonic ancestry]
   610 | D:1      | Reached XP level 3. HP: 28/29 MP: 3/3
   667 | D:1      | Prayed at the altar of an unknown god.
   667 | D:1      | Became a worshipper of Hepliaklqana the Forgotten
   667 | D:1      | Reached * piety under Hepliaklqana
   667 | D:1      | Reached ** piety under Hepliaklqana
   681 | D:2      | Remembered your ancestor Merenptah as a battlemage
   726 | D:2      | Found a runed translucent door.
   727 | D:2      | Noticed Crazy Yiuf
   840 | D:2      | Reached *** piety under Hepliaklqana
   885 | D:2      | Reached skill level 4 in Unarmed Combat
  1034 | D:2      | Identified the +4 mace of Ikuasehy {holy, rPois Will+}
  1255 | D:2      | Found Ogeax's Magic Scroll Shop.
  1258 | D:2      | Bought 2 scrolls of identify for 52 gold pieces
  1258 | D:2      | Bought a scroll of identify for 26 gold pieces
  1428 | D:3      | Found Xitinuur's Distillery.
  1512 | D:3      | Gained mutation: You are mostly covered in thin metallic
                  | scales. (AC +3) [demonic ancestry]
  1512 | D:3      | Reached XP level 4. HP: 6/31 MP: 4/4
  1627 | D:3      | Reached skill level 5 in Unarmed Combat
  1649 | D:3      | Found a glowing drain.
  1665 | Sewer    | Entered a sewer
  1681 | Sewer    | Reached XP level 5. HP: 29/36 MP: 5/5
  2462 | D:4      | Reached skill level 6 in Unarmed Combat
  2479 | D:4      | Reached XP level 6. HP: 42/42 MP: 6/6
  2775 | D:4      | Reached skill level 7 in Unarmed Combat
  3127 | D:4      | Reached **** piety under Hepliaklqana
  3260 | D:5      | Entered Level 5 of the Dungeon
  3305 | D:5      | Gained mutation: You have large cloven feet. [demonic
                  | ancestry]
  3305 | D:5      | Reached XP level 7. HP: 42/46 MP: 7/7
  3366 | D:5      | Found a hide-covered altar of Uskayaw.
  3486 | D:5      | Found a staircase to the Ecumenical Temple.
  3597 | D:5      | Found a burning altar of Makhleb.
  3597 | D:5      | Found a radiant altar of Vehumet.
  3602 | D:5      | Reached skill level 8 in Unarmed Combat
  3652 | D:5      | Found a stormy altar of Qazlal.
  3989 | D:6      | Found an ornate altar of the Wu Jian Council.
  3990 | D:6      | Found a shimmering altar of Xom.
  4200 | D:6      | Reached skill level 9 in Unarmed Combat
  4200 | D:6      | Gained mutation: A demonic guardian rushes to your aid.
                  | [demonic ancestry]
  4200 | D:6      | Reached XP level 8. HP: 50/52 MP: 8/8
  4205 | D:6      | Found an ancient bone altar of Kikubaaqudgha.
  4441 | D:6      | Reached skill level 10 in Unarmed Combat
  4579 | D:6      | Found a runed translucent door.
  4580 | D:6      | Noticed Dittersdorf's ghost (novice GrFi)
  4605 | D:6      | Found an opulent altar of Gozag.
  4714 | D:6      | Found a runed translucent door.
  4773 | D:7      | Noticed Menkaure
  4782 | D:7      | Killed Menkaure
  4783 | D:7      | Reached skill level 1 in Armour
  4783 | D:7      | Reached skill level 11 in Unarmed Combat
  4783 | D:7      | Gained mutation: You have hoof-like feet. [demonic
                  | ancestry]
  4783 | D:7      | Reached XP level 9. HP: 42/56 MP: 9/9
  4858 | D:7      | Reached skill level 2 in Armour
  5182 | D:7      | Reached skill level 3 in Armour
  5255 | D:7      | Reached ***** piety under Hepliaklqana
  5586 | D:7      | Reached skill level 4 in Armour
  6021 | D:8      | Reached skill level 12 in Unarmed Combat
  6022 | D:8      | Reached skill level 5 in Armour
  6261 | D:8      | Found a sand-covered staircase.
  6290 | D:8      | Reached XP level 10. HP: 29/63 MP: 10/10
  6309 | Ossuary  | Entered an ossuary
  6638 | Ossuary  | Reached skill level 6 in Armour
  6977 | D:8      | Found a broken altar of Ashenzari.
  6977 | D:8      | Found a sacrificial altar of Ru.
  6997 | D:8      | Noticed a gargoyle
  6997 | D:8      | Noticed a manticore
  7093 | D:8      | Noticed a boulder beetle
  7105 | D:8      | Killed a boulder beetle
  7111 | D:8      | Found a transporter.
  7380 | D:8      | Reached skill level 7 in Armour
  7517 | D:8      | Found a transporter.
  7682 | D:8      | Reached skill level 13 in Unarmed Combat
  7890 | D:9      | Found a hazy altar of Hepliaklqana.
  7890 | D:9      | Found a sparkling altar of Nemelex Xobeh.
  8343 | D:9      | Paralysed by a hornet for 3 turns
  8590 | D:10     | Entered Level 10 of the Dungeon
  8590 | D:10     | Noticed a two-headed ogre
  8595 | D:10     | Killed a two-headed ogre
  8596 | D:10     | Reached skill level 8 in Armour
  8813 | D:10     | Reached XP level 11. HP: 67/67 MP: 11/11
  8825 | D:10     | HP: 8/100 [wyvern (12)]
  8825 | D:10     | HP: 3/100 [water moccasin (5)]
  8827 | D:10     | Succumbed to a water moccasin's poison

Vanquished Creatures
  A boulder beetle (D:8)
  A yak (D:8)
  A wyvern (D:10)
  A steam dragon (D:8)
  An acid dragon (D:8)
  2 water moccasins (D:10)
  2 orc warriors (D:9)
  4 sky beasts
  An ice beast (D:6)
  A black bear (D:5)
  An ogre (D:7)
  5 centaurs
  An elf zombie (Ossuary)
  A kobold brigand (D:9)
  A bullfrog (D:6)
  A wyvern zombie (D:6)
  A scorpion (D:10)
  2 water moccasin zombies (D:6)
  10 wights
  A killer bee (D:9)
  A crimson imp (D:5)
  5 centaur zombies
  2 hounds
  4 orc priests
  2 jellies
  2 human zombies
  An iguana (D:5)
  A sleepcap (D:4)
  6 orc wizards
  A killer bee zombie (D:6)
  3 mummies
  2 howler monkey zombies (D:6)
  3 gnolls
  2 river rats (Sewer)
  2 adders
  A white imp (D:6)
  An ufetubus (D:5)
  A worm (D:3)
  2 dart slugs
  23 orcs
  3 endoplasms
  3 giant cockroaches
  6 goblins
  2 hobgoblins
  2 jackals (D:2)
  7 quokkas
  11 ball pythons
  7 bats
  2 frilled lizards (D:1)
  11 kobolds
  7 rats
165 creatures vanquished.

Vanquished Creatures (collateral kills)
  A two-headed ogre (D:10)
  A hornet (D:9)
  3 yaks
  Menkaure (D:7)
  2 ice beasts
  A sky beast (D:7)
  2 orc warriors
  4 elf zombies (Ossuary)
  2 kobold brigands
  2 bullfrogs
  2 scorpions
  A gnoll sergeant (D:6)
  7 wights
  4 killer bees (D:9)
  2 centaur zombies (Ossuary)
  4 orc priests
  A hound (D:6)
  A human zombie (Ossuary)
  A jelly (D:6)
  An iguana (D:4)
  4 orc wizards (D:7)
  A killer bee zombie (D:6)
  2 mummies (Ossuary)
  4 gnolls
  4 adders
  A river rat (Sewer)
  A worm (D:5)
  2 dart slugs
  19 orcs
  3 ball pythons
  A giant cockroach (D:4)
  3 goblins
  2 hobgoblins
  2 jackals (D:2)
  5 kobolds
  4 rats
101 creatures vanquished.

Vanquished Creatures (others)
  2 battlemagi
2 creatures vanquished.

Grand Total: 268 creatures vanquished

Table legend: (Time is in decaauts)
 A = Elapsed time spent in this place.
 B = Non-inter-level travel time spent in this place.
 C = Inter-level travel time spent in this place.
 D = Time resting spent in this place.
 E = Time spent auto-exploring this place.
 F = Levels seen in this place.
 G = Mean time per level.
                   A        B        C        D        E       F      G
               +--------+--------+--------+--------+--------+-----+--------+
         Total |   8745 |   8438 |    307 |    907 |   6296 |  12 |  728.8 |
       Dungeon |   7892 |   7585 |    307 |    568 |   5929 |  10 |  789.2 |
         Sewer |    235 |    235 |      0 |      0 |    185 |   1 |  235.0 |
       Ossuary |    617 |    617 |      0 |    339 |    181 |   1 |  617.0 |
               +--------+--------+--------+--------+--------+-----+--------+

Top non-repeatable levels by time:
     D:8: 1215 daAuts
     D:7: 1142 daAuts
     D:6: 863 daAuts
     D:3: 810 daAuts
     D:4: 806 daAuts
     D:9: 790 daAuts
     D:2: 753 daAuts
     D:1: 668 daAuts
 Ossuary: 617 daAuts
     D:5: 615 daAuts
   Sewer: 235 daAuts
    D:10: 226 daAuts

Table legend:
 A = Non-vault XP
 B = Vault XP
 C = Vault XP percentage of total XP
 D = Non-vault monster count
 E = Vault monster count
 F = Vault count percentage of total count
                 A         B        C        D         E       F
            +---------+---------+-------+---------+---------+-------
      Total |    8682 |    2809 |  24.4 |     194 |      72 |  27.1
            +---------+---------+-------+---------+---------+-------
        D:1 |      43 |       0 |   0.0 |      27 |       0 |   0.0
        D:2 |      30 |       1 |   3.2 |      16 |       1 |   5.9
        D:3 |      97 |      13 |  11.8 |      15 |       6 |  28.6
        D:4 |     216 |     151 |  41.1 |      20 |       9 |  31.0
        D:5 |     326 |      46 |  12.4 |       9 |       1 |  10.0
        D:6 |    1014 |     501 |  33.1 |      19 |      12 |  38.7
        D:7 |    1767 |     169 |   8.7 |      35 |       1 |   2.8
        D:8 |    3136 |     139 |   4.2 |      31 |      11 |  26.2
        D:9 |    1223 |       0 |   0.0 |      21 |       0 |   0.0
       D:10 |     830 |     775 |  48.3 |       1 |       5 |  83.3
      Sewer |       0 |     140 | 100.0 |       0 |      11 | 100.0
    Ossuary |       0 |     874 | 100.0 |       0 |      15 | 100.0
            +---------+---------+-------+---------+---------+-------
